 Dungeon Crawl Stone Soup version 0.28.0-43-g3370ac3207 (webtiles) character file.

Game seed: 10005133891970108736

89859 theElss the Fighter (level 15, -19/151 HPs)
             Began as a Gargoyle Berserker on Mar 7, 2022.
             Was a High Priest of Trog.
             Demolished by a kraken (23 damage)
             ... on level 1 of the Shoals.
             The game lasted 01:22:41 (32003 turns).

theElss the Fighter (Gargoyle Berserker)           Turns: 32003, Time: 01:22:42

Health: -19/151    AC: 38    Str: 25      XL:     15   Next: 98%
Magic:  15/15      EV: 14    Int:  5 (9)  God:    Trog [*****.]
Gold:   782        SH: 12    Dex: 11      Spells: 14/14 levels left

rFire   + . .      SeeInvis +   H - +2 flail (protect)
rCold   + + .      Faith    .   a - +0 kite shield
rNeg    + . .      Spirit   .   P - +3 ring mail {rC+}
rPois   ∞          Reflect  .   B - +0 helmet {SInv}
rElec   +          Harm     .   A - +2 cloak {Will+}
rCorr   .          Rampage  .   N - +1 pair of gloves
Will    +++..      Rnd*Tele +   O - +0 pair of boots
Stlth   ..........              (no amulet)
HPRegen 0.35/turn               v - ring of willpower
MPRegen 0.14/turn               p - ring of protection from cold

@: berserking (expiring), under a protective aura, flying, very quick
A: sickness immunity, AC +11, big wings, negative energy resistance 1,
electricity resistance, torment resistance 1, petrification resistance, fire
resistance 1, teleportitis 1, devolution 1
a: Renounce Religion, Berserk, Trog's Hand, Brothers in Arms


You were on level 1 of the Shoals.
You worshipped Trog.
Trog was extremely pleased with you.
You visited 3 branches of the dungeon, and saw 19 of its levels.
You also visited: Ossuary.

You collected 1293 gold pieces.
You spent 511 gold pieces at shops.

Inventory:

Hand Weapons
 b - a +0 whip of draining
 H - a +2 flail of protection (weapon)
Missiles
 t - 6 throwing nets
Armour
 a - a +0 kite shield (worn)
 A - a +2 cloak of willpower (worn)
 B - a +0 helmet of see invisible (worn)
 N - a +1 pair of gloves (worn)
 O - a +0 pair of boots (worn)
 P - a +3 ring mail of cold resistance (worn)
Jewellery
 p - a ring of protection from cold (right hand)
 s - a ring of fire
 u - an amulet of magic regeneration
 v - a ring of willpower (left hand)
Wands
 r - a wand of mindburst (16)
 w - a wand of acid (25)
 y - a wand of digging (13)
 S - a wand of iceblast (2)
Scrolls
 c - 3 scrolls of enchant weapon {unknown}
 d - 3 scrolls of magic mapping
 g - 3 scrolls of fear {unknown}
 h - 2 scrolls of brand weapon {unknown}
 i - a scroll of immolation {unknown}
 l - 7 scrolls of enchant armour
 m - a scroll of amnesia {unknown}
 q - 6 scrolls of teleportation
 C - 2 scrolls of vulnerability {unknown}
 F - a scroll of blinking {unknown}
 G - a scroll of identify
 Q - a scroll of acquirement {unknown}
 U - a scroll of summoning {unknown}
 X - a scroll of holy word {unknown}
 Y - a scroll of torment {unknown}
 Z - a scroll of fog {unknown}
Potions
 e - 4 potions of heal wounds
 f - 3 potions of berserk rage
 j - 5 potions of degeneration
 k - 2 potions of brilliance
 n - a potion of magic
 o - a potion of cancellation
 x - 3 potions of curing
 z - 3 potions of ambrosia
 D - 3 potions of lignification
 E - a potion of invisibility
 I - 2 potions of mutation
 J - 2 potions of experience
 K - 2 potions of might
 L - 2 potions of haste
 R - 3 potions of flight
 T - 2 potions of resistance {unknown}
 W - a potion of attraction {unknown}


   Skills:
 + Level 14.3 Fighting
 + Level 13.2 Maces & Flails
 + Level 14.2 Armour
 + Level 11.1 Dodging
 + Level 13.3 Shields


You had 14 spell levels left.
You didn't know any spells.
Your spell library was empty.

Dungeon Overview and Level Annotations

Branches:
Dungeon (11/15)            Temple (0/1) D:5            Lair (6/6) D:9
 Shoals (2/4) Lair:4        Snake (0/4) Lair:4        Slime (0/5) Lair:5
    Orc (0/2) D:10        Ossuary (visited)

Altars:
Ashenzari
Cheibriados
Hepliaklqana
Okawaru
Qazlal
Sif Muna
Trog
Xom
Yredelemnul
The Shining One
Beogh
Lugonu

Shops:
D:6 ?   D:9 [

Portals:
Abyss: Lair:6 Shoals:1

Annotations:
D:3 exclusion: door
Shoals:1 1 runed translucent door, Ilsuiw


Innate Abilities, Weirdness & Mutations

You are immune to sickness and miasma.
Your stone body is resilient. (AC +11)
You are immune to poison.
Your large and strong wings let you fly.
You resist negative energy. (rN+)
You are resistant to electric shocks. (rElec)
You are resistant to unholy torment.
You are immune to petrification.
Your flesh is heat resistant. (rF+)
You are occasionally teleported next to monsters.
You have hidden genetic defects.


Message History

You block the tentacle's attack. The tentacle misses you.
The kraken closely misses you.
You hit the kraken.
The kraken is heavily wounded.
The tentacle slaps you. You block the tentacle's attack.
You bludgeon the kraken!!
The kraken is severely wounded.
A tentacle rises from the water!
You block the tentacle's attack. The tentacle misses you.
A tentacle comes into view.
You hit the kraken but do no damage.
The kraken is severely wounded.
The kraken bites you!! The tentacle closely misses you.
You barely miss the tentacle. The tentacle slaps you! The tentacle misses you.
You block the kraken's attack.
Unknown command.
You hit the kraken but do no damage.
The kraken is severely wounded.
The tentacle slaps you but does no damage.
The tentacle barely misses you. You block the tentacle's attack.
You hit the kraken but do no damage.
The kraken is severely wounded.
The tentacle barely misses you. The kraken bites you!!
* * * LOW HITPOINT WARNING * * *
The tentacle barely misses you. The tentacle slaps you!
* * * LOW HITPOINT WARNING * * *
Unknown command.
You hit the kraken.
The kraken is severely wounded.
The tentacle closely misses you.
The kraken bites you but does no damage.
The tentacle slaps you!
* * * LOW HITPOINT WARNING * * *
You block the tentacle's attack.
You hit the kraken.
The kraken is severely wounded.
You block the tentacle's attack.
The tentacle slaps you but does no damage.
The kraken bites you!!
You die...

≈,,,,,≈≈≈≈≈≈≈≈(≈≈.≈≈≈≈≈≈≈≈≈≈≈≈...
≈,,**,≈≈,.≈≈≈≈≈≈≈≈≈≈≈≈≈≈≈≈≈≈≈≈≈..
≈,,*,≈≈,,.≈≈≈≈≈≈≈≈≈≈≈≈≈≈≈≈≈≈≈≈..#
≈≈≈,≈≈≈,≈≈≈≈≈≈≈≈≈≈≈≈≈≈≈≈≈≈≈≈≈≈..#
≈≈≈≈≈≈≈,≈≈≈≈≈≈≈≈≈≈≈≈≈≈≈≈≈≈≈..≈...
≈≈≈≈≈≈,,≈≈≈≈≈≈≈≈≈≈≈≈≈≈≈≈..[....≈≈
≈≈≈≈≈,≈≈≈≈≈≈≈≈≈≈≈≈≈≈≈≈≈≈..####..≈
≈≈≈≈≈≈≈≈≈≈≈≈≈≈≈wXw≈≈≈≈≈..## ##.≈
≈≈≈≈≈≈≈≈≈≈≈≈≈≈≈≈@≈≈≈≈≈≈..# #..
≈≈≈≈≈≈≈≈≈≈≈≈≈≈≈w≈w≈≈≈≈≈.## ##.>
≈≈≈≈≈≈≈≈≈≈≈≈≈≈≈≈≈≈≈≈≈≈≈..#####...
≈≈≈≈≈≈≈≈≈≈≈≈≈≈≈≈≈...≈≈≈≈.........
≈≈≈≈≈≈≈≈≈≈≈≈≈≈≈≈≈≈.......≈.......
≈≈≈,,,,≈≈≈≈≈≈≈≈≈≈≈........)....≈.
≈≈,,***,,.≈≈≈≈≈≈≈....(#.......≈≈≈
≈≈,)* **,.≈≈≈≈≈≈≈..........###.≈≈
≈≈,,* *,.≈≈≈≈....###......###...


You could see a kraken and 4 tentacles.

Vanquished Creatures
  Gastronok (Lair:1)
  A quicksilver ooze (shapeshifter) (Lair:6)
  2 dire elephants
  Harold (D:9)
  A great orb of eyes (shapeshifter) (Lair:6)
  5 hydras
  Fannar (Lair:2)
  3 boulder beetles
  2 catoblepae
  Erica (Lair:1)
  A merfolk avatar (Shoals:1)
  2 two-headed ogres (D:10)
  2 anacondas (Lair:2)
  An anaconda (shapeshifter) (Lair:6)
  10 death yaks
  2 thrashing horrors (Lair:6)
  Sonja (Lair:1)
  A goliath frog (shapeshifter) (Lair:6)
  4 sea snakes
  A necromancer (Lair:4)
  3 oklob plants (Lair:4)
  6 harpies (Shoals:1)
  2 cyclopes
  8 fauns
  4 manticores
  4 merfolk sirens (Shoals:1)
  23 elephants
  2 apocalypse crabs (Shoals:1)
  Joseph (D:7)
  9 black mambas
  2 smoke demons (Lair:6)
  2 water nymphs
  14 cane toads
  A kobold demonologist (D:10)
  8 komodo dragons
  A torpor snail (Lair:5)
  7 rime drakes
  2 ancient zymes (Lair:6)
  5 merfolk
  2 trolls (D:9)
  The ghost of Dirian the Chopper, an amateur HOWn (D:7)
  4 polar bears
  A wind drake (Shoals:1)
  2 hornets
  Grinder (D:5)
  20 blink frogs
  2 snapping turtles (Shoals:1)
  4 large abominations (Lair:6)
  7 dream sheep
  A water elemental (Shoals:2)
  3 wraiths
  6 wyverns
  2 shadows
  A hog (Shoals:1)
  39 yaks
  2 steam dragons (Lair:2)
  9 basilisks
  A chaos spawn (Lair:6)
  Menkaure (D:4)
  18 water moccasins
  5 orc warriors
  3 black bears
  8 small abominations (Lair:6)
  2 sky beasts
  An ice beast (D:6)
  29 wolves
  7 centaurs
  2 kobold brigands
  6 bullfrogs
  A gnoll sergeant (D:10)
  4 scorpions
  A water moccasin zombie (D:5)
  2 water moccasin skeletons (D:5)
  6 howler monkeys
  12 wights
  5 electric eels
  3 bullfrog zombies
  3 centaur zombies
  7 hounds
  2 jellies
  Crazy Yiuf (D:5)
  3 orc priests
  A gnoll shaman (D:7)
  A bullfrog skeleton (D:5)
  2 centaur skeletons
  7 hell rats
  2 iguanas
  6 orc wizards
  2 polar bear simulacra (Lair:4)
  3 yak simulacra (Lair:4)
  A wolf simulacrum (Lair:4)
  4 mummies (Ossuary)
  Robin (D:4)
  5 adders
  20 gnolls
  A howler monkey skeleton (D:7)
  2 white imps
  An ufetubus (D:7)
  An adder skeleton (D:5)
  2 worms
  31 orcs
  12 ball pythons
  8 endoplasms
  2 giant cockroaches (D:1)
  4 gnoll zombies (Ossuary)
  17 goblins
  14 hobgoblins
  19 kobolds
  3 quokkas
  12 bats
  3 frilled lizards
  3 gnoll skeletons (Ossuary)
  5 goblin skeletons (Ossuary)
  3 goblin zombies (Ossuary)
  6 hobgoblin skeletons (Ossuary)
  4 hobgoblin zombies (Ossuary)
  A kobold skeleton (Ossuary)
  3 kobold zombies (Ossuary)
  7 orc skeletons (Ossuary)
  4 orc zombies (Ossuary)
  8 rats
  3 rat skeletons (Ossuary)
  7 rat zombies (Ossuary)
  5 river rat simulacra (Lair:4)
  A bush (Lair:3)
  2 tentacles (Shoals:1)
636 creatures vanquished.

Vanquished Creatures (collateral kills)
  Kirke (Shoals:1)
  A boulder beetle (D:10)
  A merfolk (Shoals:1)
  A snapping turtle (Shoals:1)
  A yak (Lair:1)
  2 hogs (Shoals:1)
  3 wolves (Lair:1)
10 creatures vanquished.

Vanquished Creatures (others)
  A wolf (Lair:2)
  2 bushes
  66 fungi
  101 plants
  4 toadstools (Lair:3)
174 creatures vanquished.

Grand Total: 820 creatures vanquished

Notes
Turn   | Place    | Note
-------+----------+-------------------------------------------
     0 | D:1      | theElss the Gargoyle Berserker began the quest for the Orb.
     0 | D:1      | Reached XP level 1. HP: 14/14 MP: 1/1
   105 | D:1      | Reached XP level 2. HP: 15/19 MP: 2/2
   805 | D:1      | Reached XP level 3. HP: 19/23 MP: 3/3
  1615 | D:2      | Reached ** piety under Trog
  2385 | D:3      | Found a shimmering blue altar of Sif Muna.
  2524 | D:3      | Found a hazy altar of Hepliaklqana.
  2581 | D:3      | Reached XP level 4. HP: 29/29 MP: 4/4
  2931 | D:3      | Found a faded altar of an unknown god.
  3577 | D:4      | Noticed a scorpion
  3587 | D:4      | Killed a scorpion
  3588 | D:4      | Reached XP level 5. HP: 33/33 MP: 5/5
  3690 | D:4      | Noticed Menkaure
  3694 | D:4      | Noticed Robin
  3705 | D:4      | Killed Menkaure
  3706 | D:4      | Reached XP level 6. HP: 33/39 MP: 6/6
  3733 | D:4      | Reached *** piety under Trog
  3747 | D:4      | Killed Robin
  4209 | D:4      | Found a snail-covered altar of Cheibriados.
  4271 | D:4      | Found a bloodstained altar of Trog.
  4560 | D:4      | Reached skill level 5 in Fighting
  4707 | D:4      | Reached XP level 7. HP: 43/44 MP: 7/7
  4748 | D:5      | Entered Level 5 of the Dungeon
  5063 | D:5      | Reached skill level 5 in Maces & Flails
  5201 | D:5      | Found a basalt altar of Yredelemnul.
  5346 | D:5      | Reached skill level 1 in Shields
  5384 | D:5      | Noticed Grinder
  5391 | D:5      | Killed Grinder
  5392 | D:5      | Reached skill level 5 in Armour
  5392 | D:5      | Reached XP level 8. HP: 51/51 MP: 8/8
  5778 | D:5      | Found a staircase to the Ecumenical Temple.
  5817 | D:5      | Found a runed translucent door.
  5818 | D:5      | Noticed Crazy Yiuf
  5824 | D:5      | Killed Crazy Yiuf
  6088 | D:6      | Found a shimmering altar of Xom.
  6235 | D:6      | Found a sand-covered staircase.
  6256 | Ossuary  | Entered an ossuary
  6299 | Ossuary  | Reached **** piety under Trog
  7143 | Ossuary  | Reached ***** piety under Trog
  7724 | D:6      | Found Zoefey's Magic Scroll Shop.
  7730 | D:6      | Bought a scroll of noise for 12 gold pieces
  7730 | D:6      | Bought a scroll of enchant armour for 90 gold pieces
  7730 | D:6      | Bought a scroll of teleportation for 36 gold pieces
  7730 | D:6      | Bought a scroll of magic mapping for 42 gold pieces
  7859 | D:6      | Reached XP level 9. HP: 50/56 MP: 9/9
  8094 | D:7      | Noticed a hornet
  8105 | D:7      | Killed a hornet
  8412 | D:7      | Noticed Joseph
  8424 | D:7      | Killed Joseph
  8425 | D:7      | Reached skill level 5 in Dodging
  8727 | D:7      | Found a runed translucent gate.
  8728 | D:7      | Noticed Dirian's ghost (amateur HOWn)
  8730 | D:7      | Found a runed translucent gate.
  8731 | D:7      | Found a runed translucent gate.
  9016 | D:8      | Found a broken altar of Ashenzari.
  9134 | D:8      | Received a gift from Trog
  9137 | D:8      | Reached skill level 5 in Shields
  9576 | D:8      | Found an iron altar of Okawaru.
  9583 | D:8      | Found a stormy altar of Qazlal.
  9779 | D:8      | Reached XP level 10. HP: 49/64 MP: 10/10
 10055 | D:9      | Noticed Harold
 10233 | D:9      | Killed Harold
 10899 | D:9      | Found a staircase to the Lair.
 10998 | D:9      | Reached XP level 11. HP: 69/69 MP: 11/11
 11227 | D:9      | Found a glowing golden altar of the Shining One.
 11506 | D:9      | Found Edipujiaz's Armour Boutique.
 11514 | D:9      | Bought a +1 pair of gloves for 195 gold pieces
 11514 | D:9      | Bought a +0 pair of boots for 76 gold pieces
 11556 | D:10     | Entered Level 10 of the Dungeon
 11967 | D:10     | Noticed a two-headed ogre
 12141 | D:10     | Found a staircase to the Orcish Mines.
 12141 | D:10     | Noticed a two-headed ogre
 12153 | D:10     | Killed a two-headed ogre
 12482 | D:10     | Killed a two-headed ogre
 12930 | D:11     | Noticed a boulder beetle
 12930 | D:11     | Noticed a boulder beetle
 12930 | D:11     | Noticed a boulder beetle
 12982 | D:10     | Killed a boulder beetle
 13109 | D:10     | Gained mutation: You sometimes lose the ability to read
                  | scrolls when taking damage. [a neqoxec]
 13231 | D:10     | HP: 3/72 [boulder beetle (10)]
 13232 | D:10     | Killed a boulder beetle
 13552 | D:11     | Killed a boulder beetle
 13553 | D:11     | Reached skill level 10 in Fighting
 13655 | D:11     | Noticed a cyclops
 13693 | D:11     | Killed a cyclops
 13694 | D:11     | Reached XP level 12. HP: 77/77 MP: 12/12
 13772 | D:11     | Noticed a boulder beetle
 14115 | Lair:1   | Entered Level 1 of the Lair of Beasts
 14184 | Lair:1   | Noticed Erica
 14211 | Lair:1   | Killed Erica
 14466 | Lair:1   | Reached skill level 10 in Armour
 14489 | Lair:1   | Noticed an eight-headed hydra
 14499 | Lair:1   | Noticed a four-headed hydra
 14507 | Lair:1   | Killed an eight-headed hydra
 14617 | Lair:1   | Killed a four-headed hydra
 14841 | Lair:1   | Noticed Sonja
 14878 | Lair:1   | Killed Sonja
 15011 | Lair:1   | Noticed Gastronok
 15032 | Lair:1   | Killed Gastronok
 15553 | Lair:2   | Noticed a five-headed hydra
 15569 | Lair:2   | Killed a five-headed hydra
 15831 | Lair:2   | Reached skill level 10 in Maces & Flails
 16149 | Lair:2   | Noticed Fannar
 16180 | Lair:2   | Killed Fannar
 16797 | Lair:2   | Noticed an anaconda
 16822 | Lair:2   | Killed an anaconda
 17089 | Lair:2   | Noticed a death yak
 17129 | Lair:2   | Killed a death yak
 17130 | Lair:2   | Reached XP level 13. HP: 84/84 MP: 13/13
 17194 | Lair:2   | Reached skill level 10 in Shields
 17342 | Lair:2   | Noticed a dire elephant
 17367 | Lair:2   | Killed a dire elephant
 19467 | Lair:3   | Noticed a dire elephant
 19488 | Lair:3   | Found a runed translucent door.
 19958 | Lair:3   | Killed a dire elephant
 20395 | Lair:3   | Gained mutation: Your large and strong wings let you fly.
                  | [Gargoyle growth]
 20395 | Lair:3   | Reached XP level 14. HP: 92/92 MP: 14/14
 20419 | Lair:4   | Found a staircase to the Shoals.
 21386 | Lair:4   | Found a staircase to the Snake Pit.
 22557 | Lair:5   | Found a staircase to the Slime Pits.
 23263 | Lair:4   | Reached skill level 10 in Dodging
 23660 | Lair:6   | Entered Level 6 of the Lair of Beasts
 24983 | Lair:6   | Noticed a quicksilver ooze
 24983 | Lair:6   | a spark wasp changed into a quicksilver ooze
 24988 | Lair:6   | Killed a quicksilver ooze
 25441 | Lair:6   | Reached XP level 15. HP: 96/99 MP: 15/15
 27689 | Lair:6   | Found a corrupted altar of Lugonu.
 27689 | Lair:6   | Found a one-way gate to the infinite horrors of the Abyss.
 28132 | D:7      | Killed Dirian's ghost
 28195 | D:7      | Identified the +0 helmet of Simm {-Cast rPois rN++ rCorr}
 28387 | Shoals:1 | Entered Level 1 of the Shoals
 28766 | D:6      | Bought a scroll of teleportation for 36 gold pieces
 28766 | D:6      | Bought a scroll of identify for 24 gold pieces
 29113 | Shoals:1 | Noticed Kirke
 29119 | Shoals:1 | Killed Kirke
 29714 | Shoals:1 | Found a runed translucent door.
 29994 | Shoals:1 | Lost mutation: You sometimes lose the ability to read
                  | scrolls when taking damage. [potion of mutation]
 29994 | Shoals:1 | Gained mutation: You have hidden genetic defects. [potion
                  | of mutation]
 29994 | Shoals:1 | Gained mutation: You are occasionally teleported next to
                  | monsters. [potion of mutation]
 29994 | Shoals:1 | Gained mutation: Your flesh is heat resistant. (rF+)
                  | [potion of mutation]
 30191 | Shoals:1 | Found a corrupted altar of Lugonu.
 30660 | Shoals:2 | Noticed Ilsuiw
 31227 | Shoals:1 | Received a gift from Trog
 31983 | Shoals:1 | Noticed a kraken
 32002 | Shoals:1 | HP: 3/151 [tentacle[a kraken] (9)]
 32003 | Shoals:1 | Demolished by a kraken

Illustrated notes

Levels and vault maps discovered:
D:1:      tarquinn_simple_flora_water_f, layout_loops_ring, minivault_5,
          hangedman_glass_teeth, chequers_serial_rivers_room_a,
          serial_bayou_lagoon_a, hangedman_decor_growths,
          minmay_misc_feat_more_columns, minmay_tetromino_l4
D:2:      layout_loops_ring, fountainhead
D:3:      layout_loops_ring, lemuel_tele_altar, led_sif_book,
          dreamdust_ecumenical_altar_hidden_monk_grotto
D:4:      corexii_shack_village, layout_basic,
          mainiacjoe_overflow_large_starburst, uniq_robin, uniq_menkaure
D:5:      minmay_general_purpose_star, layout_loops_cross,
          kennysheep_little_box, minmay_temple_entry_overgrown,
          minmay_misc_feat_cross, st_stairs_10, uniq_crazy_yiuf_cottage,
          uniq_grinder
D:6:      layout_rooms, old_standard_altar, nicolae_ossuary_entry_monument,
          serial_shops, shop_fountains
D:7:      layout_gridville, biasface_ghost_orc_armoury,
          kennysheep_decorative_pillar, uniq_joseph
D:8:      layout_basic, mainiacjoe_overflow_tiny_flanked,
          nicolae_qazlal_style_of_elements, ashenzari_conservatory_becter
D:9:      layout_small_grid, tso_metal_star, erik_lair_island,
          nicolae_stop_n_shop_2, uniq_harold
D:10:     layout_gridville, orc_0_dummy
D:11:     minmay_evil_eye, layout_basic
Lair:1:   layout_long_grid, minivault_11, lemuel_fruit_tree, uniq_gastronok,
          uniq_erica, uniq_sonja
Lair:2:   layout_regular_city, nicolae_lair_lakeside_cave, uniq_fannar
Lair:3:   gammafunk_lair_enchanted_lake, layout_gridlike, portal_ice_cave_rime,
          chequers_serial_rivers_room_b, chequers_serial_rivers_large_b
Lair:4:   minmay_lair_oklob_chamber, layout_regular_city,
          minmay_shoals_entry_centaurs, minmay_snake_entry_six_corridors,
          eino_house_with_fridge, serial_bayou_shore_b
Lair:5:   layout_regular_city, slime_dummy
Lair:6:   hellmonk_lair_end_abyssal_woods, layout_cave_pods,
          serial_bayou_shore_b
Shoals:1: layout_shoals, nicolae_shoals_abyss_on_the_beach, uniq_kirke
Shoals:2: layout_shoals, nicolae_shoals_so_close, uniq_donald, uniq_ilsuiw

Skill      XL: |  1  2  3  4  5  6  7  8  9 10 11 12 13 14 15 |
---------------+----------------------------------------------+-----
Dodging        | 2 3 4 5 6 7 8 9 10 11 | 11.1
Armour         | 3 4 5 6 7 8 9 11 12 13 14 | 14.2
Fighting       | 4 5 6 7 8 10 11 12 13 14 | 14.3
Maces & Flails | 4 5 6 7 8 9 10 11 12 13 | 13.2
Shields        | 1 3 5 6 8 9 11 12 13 | 13.3

Action                   |  1- 3 |  4- 6 |  7- 9 | 10-12 | 13-15 || total
-------------------------+-------+-------+-------+-------+-------++-------
Melee: Mace              |   151 |    56 |       |       |       ||   207
       Punch             |       |     3 |       |       |       ||     3
       Whip              |       |   132 |   601 |       |       ||   733
       Flail             |       |       |   114 |   928 |  2103 ||  3145
Invok: Berserk           |       |     5 |     8 |    21 |    26 ||    60
       Trog's Hand       |       |     2 |       |     3 |     7 ||    12
       Brothers in Arms  |       |       |       |     2 |     2 ||     4
  Use: Scroll            |       |       |     9 |     3 |     5 ||    17
       Potion            |       |       |       |     5 |     2 ||     7
 Stab: Petrified         |       |       |       |       |     7 ||     7
Armor: Animal skin       |    46 |       |       |       |       ||    46
       Ring mail         |    32 |    57 |       |   521 |  1208 ||  1818
       Plate armour      |       |    32 |   347 |   244 |       ||   623
Dodge: Dodged            |   163 |    90 |   161 |   548 |  1111 ||  2073
Block: Buckler           |       |       |    91 |    74 |       ||   165
       Kite shield       |       |       |       |   477 |  1319 ||  1796
